 Dungeon Crawl Stone Soup version 0.30-a0-591-g3c58d2bc28 (webtiles) character file.

Game seed: 7578017101345704730

716 OTABOTABOTAB the Poker (level 7, -4/52 HPs)
             Began as a Merfolk Ice Elementalist on Jan 6, 2023.
             Slain by a gnoll sergeant
             ... wielding a +0 heavy trident
              (18 damage)
             ... on level 5 of the Dungeon.
             The game lasted 00:15:31 (5921 turns).

OTABOTABOTAB the Poker (Merfolk Ice Elementalist)   Turns: 5921, Time: 00:15:31

Health: -4/52      AC:  9    Str: 10    XL:     7   Next: 69%
Magic:  1/11       EV: 14    Int: 15    God:
Gold:   215        SH:  0    Dex: 14    Spells: 4/11 levels left

rFire   . . .      SeeInvis .    n - +0 spear
rCold   . . .      Faith    .    (no shield)
rNeg    . . .      Spirit   .    a - +0 robe
rPois   .          Reflect  .    t - +0 helmet
rElec   .          Harm     .    (no cloak)
rCorr   .          Rampage  .    (no gloves)
Will    .....                    (no boots)
Stlth   ++                       (no amulet)
HPRegen 0.28/turn                (no ring)
MPRegen 0.12/turn                (no ring)

@: ice-armoured, freezing walls
A: (nimble swimmer 2), mertail
a: no special abilities


You were on level 5 of the Dungeon.
You visited 1 branch of the dungeon, and saw 5 of its levels.

You collected 215 gold pieces.

Inventory:

Hand Weapons
 n - a +0 spear (weapon)
   (You found it on level 1 of the Dungeon)
Missiles
 g - 15 poisoned darts
 q - a boomerang
 r - 4 curare-tipped darts
Armour
 a - a +0 robe (worn)
 t - a +0 helmet (worn)
   (You took it off Robin on level 3 of the Dungeon)
Magical Staves
 o - a staff of poison {rPois}
   (You found it on level 3 of the Dungeon)
Jewellery
 f - a ring of fire {rF+, rC-}
   (You found it on level 2 of the Dungeon)
Wands
 d - a wand of digging (4)
   (You found it on level 3 of the Dungeon)
 p - a wand of paralysis (7)
   (You took it off a goblin on level 3 of the Dungeon)
Scrolls
 b - a scroll of teleportation {unknown}
 e - 2 scrolls of fear {unknown}
 h - a scroll of blinking {unknown}
 i - a scroll of magic mapping {unknown}
 m - a scroll of enchant weapon {unknown}
 s - 2 scrolls of vulnerability {unknown}
 u - a scroll of noise {unknown}
Potions
 c - a potion of resistance {unknown}
 j - 2 potions of cancellation
 k - a potion of haste {unknown}
 l - a potion of ambrosia {unknown}
 J - a potion of curing {@q1}
 M - a potion of magic
 P - a potion of lignification {!q}


   Skills:
 + Level 3.1 Fighting
 * Level 6.1 Polearms
 + Level 5.5 Dodging
 - Level 2.1 Stealth
 - Level 2.7 Spellcasting
 + Level 6.1 Ice Magic


You had 4 spell levels left.
You knew the following spells:

 Your Spells              Type           Power      Damage    Failure   Level
a - Freeze                Ice            80%        1d9       1%          1
b - Frozen Ramparts       Ice            40%        1d7       4%          3
A - Ozocubu's Armour      Ice            20%        N/A       4%          3

Your spell library contained the following spells:

 Spells                   Type           Power      Damage    Failure   Level
 Summon Ice Beast         Ice/Summ       11%        N/A       52%         4


Dungeon Overview and Level Annotations

Branches:
Dungeon (5/15)
 Temple: D:4-7

Altars:


Innate Abilities, Weirdness & Mutations

((You are very nimble when in or above water. (Stealth+, EV+, Speed+++)))
Your lower body shifts to a powerful aquatic tail in water.


Message History

Aim: a gnoll sergeant, wielding a +0 heavy trident and wearing a +0 ring mail (moderately wounded, about 28% to evade your +0 spear)
The gnoll is in the way.
You hit the gnoll.
The wall freezes the gnoll sergeant but does no damage.
The gnoll sergeant hits you from afar with a +0 heavy trident.
The wall freezes the gnoll.
The wall freezes the gnoll!
You kill the gnoll!
You take 1 damage, and have 40/52 hp.
Reach: n) +0 spear
Aim: a gnoll sergeant, wielding a +0 heavy trident and wearing a +0 ring mail (moderately wounded, about 28% to evade your +0 spear)
You reach to attack!
You barely miss the gnoll sergeant.
Reach: n) +0 spear
Aim: a gnoll sergeant, wielding a +0 heavy trident and wearing a +0 ring mail (moderately wounded, about 28% to evade your +0 spear)
You reach to attack!
You hit the gnoll sergeant but do no damage.
The wall freezes the gnoll sergeant.
The gnoll sergeant hits you from afar with a +0 heavy trident!
The wall freezes the gnoll.
You take 11 damage, and have 29/52 hp.
MASSIVE DAMAGE!!
Reach: n) +0 spear
Aim: a gnoll sergeant, wielding a +0 heavy trident and wearing a +0 ring mail (heavily wounded, about 28% to evade your +0 spear)
You reach to attack!
You hit the gnoll sergeant but do no damage.
The frozen ramparts melt away.
Reach: n) +0 spear
Aim: a gnoll sergeant, wielding a +0 heavy trident and wearing a +0 ring mail (heavily wounded, about 28% to evade your +0 spear)
You reach to attack!
You hit the gnoll sergeant but do no damage.
The gnoll sergeant barely misses you.
The walls around you are covered in ice.
The wall freezes the gnoll sergeant but does no damage.
The gnoll sergeant barely misses you.
The wall freezes the gnoll.
You now have 3/11 mp.
Reach: n) +0 spear
Aim: a gnoll sergeant, wielding a +0 heavy trident and wearing a +0 ring mail (heavily wounded, about 28% to evade your +0 spear)
You reach to attack!
You closely miss the gnoll sergeant.
The wall freezes the gnoll.
Reach: n) +0 spear
Aim: a gnoll sergeant, wielding a +0 heavy trident and wearing a +0 ring mail (heavily wounded, about 28% to evade your +0 spear)
You reach to attack!
You barely miss the gnoll sergeant.
The wall freezes the gnoll sergeant.
The gnoll sergeant barely misses you.
Reach: n) +0 spear
Aim: a gnoll sergeant, wielding a +0 heavy trident and wearing a +0 ring mail (heavily wounded, about 28% to evade your +0 spear)
You reach to attack!
You hit the gnoll sergeant.
The wall freezes the gnoll.
You kill the gnoll!
Reach: n) +0 spear
Aim: a gnoll sergeant, wielding a +0 heavy trident and wearing a +0 ring mail (severely wounded, about 28% to evade your +0 spear)
You reach to attack!
You hit the gnoll sergeant but do no damage.
The wall freezes the gnoll sergeant but does no damage.
The gnoll sergeant barely misses you.
The wall freezes the dart slug!
Reach: n) +0 spear
Aim: a gnoll sergeant, wielding a +0 heavy trident and wearing a +0 ring mail (severely wounded, about 28% to evade your +0 spear)
You reach to attack!
You hit the gnoll sergeant.
Reach: n) +0 spear
Aim: a gnoll sergeant, wielding a +0 heavy trident and wearing a +0 ring mail (severely wounded, about 28% to evade your +0 spear)
You reach to attack!
You hit the gnoll sergeant but do no damage.
The wall freezes the gnoll sergeant but does no damage.
The gnoll sergeant hits you from afar with a +0 heavy trident!
The wall freezes the dart slug!
You kill the dart slug!
You take 14 damage, and have 17/52 hp.
MASSIVE DAMAGE!!
Reach: n) +0 spear
Aim: a gnoll sergeant, wielding a +0 heavy trident and wearing a +0 ring mail (severely wounded, about 28% to evade your +0 spear)
You reach to attack!
You hit the gnoll sergeant but do no damage.
Reach: n) +0 spear
Aim: a gnoll sergeant, wielding a +0 heavy trident and wearing a +0 ring mail (severely wounded, about 28% to evade your +0 spear)
You reach to attack!
You completely miss the gnoll sergeant.
The wall freezes the gnoll but does no damage.
The wall freezes the gnoll sergeant but does no damage.
The gnoll sergeant hits you from afar with a +0 heavy trident!
* * * LOW HITPOINT WARNING * * *
You take 11 damage, and have 6/52 hp.
MASSIVE DAMAGE!!
Unknown command.
Reach: n) +0 spear
Aim: a gnoll sergeant, wielding a +0 heavy trident and wearing a +0 ring mail (severely wounded, about 28% to evade your +0 spear)
You reach to attack!
You hit the gnoll sergeant but do no damage.
The wall freezes the gnoll!
Reach: n) +0 spear
Aim: a gnoll sergeant, wielding a +0 heavy trident and wearing a +0 ring mail (severely wounded, about 28% to evade your +0 spear)
You reach to attack!
You hit the gnoll sergeant.
The frozen ramparts melt away.
The gnoll sergeant closely misses you.
The walls around you are covered in ice.
The wall freezes the gnoll.
The wall freezes the gnoll sergeant.
The gnoll sergeant barely misses you.
You now have 1/11 mp.
Unknown command.
You feel better.
The wall freezes the gnoll.
You regained 8 hp, and now have 14/52 hp.
Reach: n) +0 spear
Aim: a gnoll sergeant, wielding a +0 heavy trident and wearing a +0 ring mail (almost dead, about 28% to evade your +0 spear)
You reach to attack!
You hit the gnoll sergeant.
The wall freezes the gnoll sergeant.
The gnoll sergeant hits you from afar with a +0 heavy trident!!
You die...

#############
#...........#
#.###.#.###.#####
####.##.###.##.....
#......## ##@#..#
####.###.## ##)..#
#.....##..# #?#g##
##.....##.#.# #...gg....gg
..........##.#.........gh.
##.......##.#.#.##.####...
#.........##### ..# S#
###.##.###.# ### #.##.# .


You could see a gnoll sergeant and 2 gnolls.

Vanquished Creatures
  A water moccasin (D:5)
  2 black bears (D:4)
  An ogre (D:5)
  A jelly (D:5)
  A gnoll bouda (D:5)
  2 iguanas (D:4)
  Robin (D:3)
  5 gnolls (D:5)
  7 adders
  A white imp (D:5)
  A worm (D:4)
  4 dart slugs
  7 orcs
  5 ball pythons
  5 bats
  8 endoplasms
  2 giant cockroaches
  13 goblins
  10 hobgoblins
  3 jackals (D:3)
  5 quokkas
  4 frilled lizards
  8 kobolds
  7 rats
104 creatures vanquished.

Vanquished Creatures (others)
  A butterfly (D:5)
1 creature vanquished.

Grand Total: 105 creatures vanquished

Notes
Turn   | Place    | Note
-------+----------+-------------------------------------------
     0 | D:1      | OTABOTABOTAB the Merfolk Ice Elementalist began the quest
                  | for the Orb.
     0 | D:1      | Reached XP level 1. HP: 13/13 MP: 3/3
   254 | D:1      | Reached skill level 3 in Dodging
   254 | D:1      | Reached XP level 2. HP: 16/19 MP: 0/5
   680 | D:1      | Reached skill level 1 in Polearms
  1107 | D:2      | Reached XP level 3. HP: 19/24 MP: 2/6
  1439 | D:2      | Learned a level 3 spell: Frozen Ramparts
  1944 | D:2      | Learned a level 3 spell: Ozocubu's Armour
  2131 | D:3      | Reached XP level 4. HP: 22/30 MP: 3/7
  2231 | D:3      | Reached skill level 2 in Polearms
  2477 | D:3      | Reached skill level 5 in Ice Magic
  3050 | D:3      | Noticed Robin
  3060 | D:3      | Killed Robin
  3061 | D:3      | Reached skill level 4 in Dodging
  3304 | D:4      | Reached XP level 5. HP: 36/36 MP: 5/9
  3503 | D:4      | Noticed a black bear
  3517 | D:4      | Killed a black bear
  3518 | D:4      | Reached skill level 1 in Fighting
  3518 | D:4      | Reached skill level 3 in Polearms
  3518 | D:4      | Reached XP level 6. HP: 26/43 MP: 0/10
  3828 | D:4      | Reached skill level 4 in Polearms
  3984 | D:4      | Noticed a black bear
  3992 | D:4      | Killed a black bear
  3993 | D:4      | Reached skill level 2 in Fighting
  4981 | D:5      | Entered Level 5 of the Dungeon
  4998 | D:5      | Reached skill level 5 in Dodging
  5007 | D:5      | Noticed a water moccasin
  5018 | D:5      | Killed a water moccasin
  5019 | D:5      | Reached skill level 5 in Polearms
  5019 | D:5      | Reached XP level 7. HP: 32/51 MP: 0/11
  5221 | D:5      | HP: 9/51 [ogre/+0 giant spiked club (31)]
  5226 | D:5      | Reached skill level 3 in Fighting
  5226 | D:5      | Reached skill level 6 in Ice Magic
  5562 | D:5      | HP: 10/52 [white imp/puff of frost (10)]
  5783 | D:5      | Reached skill level 6 in Polearms
  5916 | D:5      | HP: 6/52 [gnoll sergeant/+0 heavy trident (12)]
  5921 | D:5      | Slain by a gnoll sergeant

Illustrated notes

Levels and vault maps discovered:
D:1:      saegor_arrival_simple_d, layout_loops_ring
D:2:      layout_loops_ring
D:3:      layout_loops_corners, grunt_decor_one_mirror, uniq_robin
D:4:      layout_basic, minmay_misc_feat_columns, uniq_crazy_yiuf_cottage
D:5:      layout_loops_ring, nicolae_elyvilon_peaceful_grove, temple_fountains

Skill      XL: |  1  2  3  4  5  6  7 |
---------------+----------------------+-----
Dodging        | 3 4 5 |  5.5
Polearms       | 1 2 3 5 6 |  6.1
Ice Magic      | 5 6 |  6.1
Fighting       | 1 2 3 |  3.1
Stealth        | |  2.1
Spellcasting   | |  2.7

Action                   |  1- 3 |  4- 6 |  7- 9 || total
-------------------------+-------+-------+-------++-------
Melee: Spear             |    49 |    76 |    52 ||   177
       Punch             |     1 |       |       ||     1
Throw: Stone             |     5 |     7 |       ||    12
 Cast: Freeze            |    50 |    15 |     4 ||    69
       Frozen Ramparts   |     3 |    34 |     8 ||    45
       Ozocubu's Armour  |       |     7 |     5 ||    12
  Use: Scroll            |       |     3 |       ||     3
       Potion            |       |       |     4 ||     4
 Stab: Sleeping          |     4 |     3 |       ||     7
Armor: Robe              |     4 |    19 |     4 ||    27
Dodge: Dodged            |    45 |    54 |    23 ||   122

Table legend: (Time is in decaauts)
 A = Elapsed time spent in this place.
 B = Non-inter-level travel time spent in this place.
 C = Inter-level travel time spent in this place.
 D = Time resting spent in this place.
 E = Time spent auto-exploring this place.
 F = Levels seen in this place.
 G = Mean time per level.
                   A        B        C        D        E       F      G
               +--------+--------+--------+--------+--------+-----+--------+
         Total |   5905 |   5760 |    145 |    714 |   4296 |   5 | 1181.0 |
       Dungeon |   5905 |   5760 |    145 |    714 |   4296 |   5 | 1181.0 |
               +--------+--------+--------+--------+--------+-----+--------+

Top non-repeatable levels by time:
     D:4: 1680 daAuts
     D:3: 1336 daAuts
     D:1: 1080 daAuts
     D:5: 929 daAuts
     D:2: 879 daAuts

Table legend:
 A = Kills in this place as a percentage of kills in entire the game.
 B = Kills by you in this place as a percentage of kills by you in the entire game.
 C = Kills by friends in this place as a percentage of kills by friends in the entire game.
 D = Other kills in this place as a percentage of other kills in the entire game.
 E = Experience gained in this place as a percentage of experience gained in the entire game.
 F = Experience gained in this place divided by the number of levels of this place that you have seen.
                   A       B       C       D       E      F
               +-------+-------+-------+-------+-------+----------------------
         Total | 100.0 | 100.0 |   N/A |   N/A | 100.0 | 204.8
       Dungeon | 100.0 | 100.0 |   N/A |   N/A | 100.0 | 204.8
               +-------+-------+-------+-------+-------+----------------------
